 Dungeon Crawl Stone Soup version 0.21-a0-633-g4c047d5 (webtiles) character file.

4 Alarkh the Magician (level 1, -2/11 HPs)
             Began as an Octopode Wizard on Dec 28, 2017.
             Slain by a kobold (4 damage)
             ... on level 1 of the Dungeon.
             The game lasted 00:00:27 (64 turns).

Alarkh the Magician (Octopode Wizard)                 Turns: 64, Time: 00:00:27

Health: -2/11      AC:  1    Str:  6    XL:     1   Next: 60%
Magic:  3/4        EV: 13    Int: 20    God:
Gold:   0          SH:  0    Dex: 10    Spells: 5/6 levels left

rFire    . . .     SeeInvis .   (no weapon)
rCold    . . .     Gourm    .   (no shield)
rNeg     . . .     Faith    .   a - +0 hat
rPois    .         Spirit   .   (no amulet)
rElec    .         Reflect  .   (no ring)
rCorr    .         Harm     .   (no ring)
MR       .....                  (no ring)
Stlth    +++.......             (no ring)
HPRegen  0.03/turn              (no ring)
MPRegen  0.09/turn              (no ring)
                                (no ring)
                                (no ring)

@: no status effects
A: almost no armour, stealthy swim, amphibious, 8 rings, constrict 8, camouflage
1, gelatinous body 1
a: no special abilities


You were on level 1 of the Dungeon.
You were not hungry.

You visited 1 branch of the dungeon, and saw 1 of its levels.

Inventory:

Armour
 a - a +0 hat (worn)
Books
 b - a book of Minor Magic

   Spells                             Type                      Level
   a - Magic Dart                     Conjuration                  1
   b - Blink                          Translocation                2
   c - Call Imp                       Summoning                    2
   d - Slow                           Hexes                        2
   e - Conjure Flame                  Conjuration/Fire             3
   f - Mephitic Cloud                 Conjuration/Poison/Air       3
Comestibles
 c - a ration


   Skills:
 - Level 2.0 Dodging
 - Level 2.6 Stealth
 + Level 3.1 Spellcasting
 + Level 1.3 Conjurations
   Level 1.0 Summonings
   Level 1.0 Translocations


You had 5 spell levels left.
You knew the following spells:

 Your Spells              Type           Power        Failure   Level  Hunger
a - Magic Dart            Conj           #...         9%          1    None


Dungeon Overview and Level Annotations

Branches:
Dungeon (1/15)

Altars:


Innate Abilities, Weirdness & Mutations

You cannot wear most types of armour.
You are very stealthy in the water. (Stealth+)
You are amphibious.
You can wear up to eight rings at the same time.
You can use your tentacles to constrict eight enemies at once.
Your skin changes colour to match your surroundings (Stealth+).
Your rubbery body absorbs attacks. (AC +1, EV +1)


Message History

You kill the hobgoblin!
The frilled lizard completely misses you.
You closely miss the kobold. Your grab misses the kobold.
The frilled lizard bites you. The kobold hits you.
* * * LOW HITPOINT WARNING * * *
The frilled lizard misses you.
You aren't carrying any potions.
The frilled lizard unfolds its giant frill.
There is an open gate here.
There is an open gate here.
There is an open gate here.
Casting: Magic Dart
Confirm with . or Enter, or press ? or * to list all spells.
Aiming: Magic Dart
Press: ? - help, Shift-Dir - straight line, f - kobold
Aim: a kobold The magic dart hits the kobold.
The kobold is severely wounded.
The kobold hits you.
You die...

.........# . ##
........###### #.
..............
..#######..........
#.#.....#..........
#.#..<..#....#####)
######.#.....#....# #.
.......###.###.####.....
#..@Kl'l....#.......
#.#########.#.......
#.#..††.††#.#.......
....#.X≈≈≈≈.#.###.....
.....#.≈≈≈≈≈.#.# #.....
......#.≈≈≈≈≈!#.# #####.
#.....#.......#.#
#...#.#########.#


You could see a leopard gecko, a kobold, a frilled lizard and a neutral kraken.

Vanquished Creatures
  2 hobgoblins (D:1)
  A bat (D:1)
  A frilled lizard (D:1)
4 creatures vanquished.

Vanquished Creatures (others)
  A ghoul (D:1)
  2 minotaurs (D:1)
  A draconian (D:1)
  A gargoyle (D:1)
  An elf (D:1)
  A troll (D:1)
  A spriggan (D:1)
  2 vampires (D:1)
  A naga (D:1)
  A dwarf (D:1)
  An orc (D:1)
  2 kobolds (D:1)
  6 tentacles (D:1)
21 creatures vanquished.

Grand Total: 25 creatures vanquished

Notes
Turn   | Place    | Note
-------+----------+-------------------------------------------
     0 | D:1      | Alarkh the Octopode Wizard began the quest for the Orb.
     0 | D:1      | Reached XP level 1. HP: 11/11 MP: 4/4
     2 | D:1      | Noticed a minotaur
     2 | D:1      | Noticed a ghoul
     2 | D:1      | Noticed a gargoyle
     2 | D:1      | Noticed a draconian
     2 | D:1      | Noticed a vampire
     2 | D:1      | Noticed a kraken
     2 | D:1      | Noticed a dwarf
     2 | D:1      | Noticed a spriggan
     2 | D:1      | Noticed a troll
     2 | D:1      | Noticed an elf
     2 | D:1      | Noticed a minotaur
     2 | D:1      | Noticed a naga
     2 | D:1      | Noticed a vampire
     2 | D:1      | Killed a gargoyle
    10 | D:1      | Killed a vampire
    11 | D:1      | Killed a dwarf
    11 | D:1      | Killed a troll
    11 | D:1      | Killed a vampire
    12 | D:1      | Killed a spriggan
    14 | D:1      | Killed an elf
    15 | D:1      | Killed a minotaur
    16 | D:1      | Killed a minotaur
    16 | D:1      | Killed a naga
    19 | D:1      | Killed a draconian
    19 | D:1      | Killed a ghoul
    64 | D:1      | Slain by a kobold

Vault maps used:
D:1:      nicolae_arrival_kraken_aquarium_b

Action                   || total
-------------------------++-------
Melee: Unarmed           ||    12
       Constrict         ||     3
       Tentacles         ||     1
 Cast: Magic Dart        ||     1
Armor: Skin              ||     1
Dodge: Dodged            ||    12

Table legend:
 A = Spawn XP
 B = Non-spawn XP
 C = Spawn XP percentage of total XP
 D = Spawn monster count
 E = Non-spawn monster count
 F = Spawn count percentage of total count
 G = Total turns spent on level
                    A         B        C        D         E        F      G
               +---------+---------+-------+---------+---------+-------+---------
         Total |       0 |       6 |   0.0 |       0 |       4 |   0.0 |    64
               +---------+---------+-------+---------+---------+-------+---------
           D:1 |       0 |       6 |   0.0 |       0 |       4 |   0.0 |    64
               +---------+---------+-------+---------+---------+-------+---------
